 Dungeon Crawl Stone Soup version 0.29-a0-72-g1732ff48e7 (webtiles) character file.

Game seed: 5982725574298729499

10710 blackman the Cleaver (level 11, -3/87 HPs)
             Began as a Human Delver on Feb 3, 2022.
             Was an Elder of Zin.
             Slain by a komodo dragon (23 damage)
             ... on level 2 of the Lair of Beasts.
             The game lasted 01:04:26 (25286 turns).

blackman the Cleaver (Human Delver)                Turns: 25286, Time: 01:04:26

Health: -3/87      AC: 17    Str: 22    XL:     11   Next: 98%
Magic:  17/17      EV:  8    Int: 11    God:    Zin [****..]
Gold:   1225       SH:  0    Dex: 15    Spells: 10/10 levels left

rFire   + + .      SeeInvis .   a - +0 battleaxe (vorpal)
rCold   + . .      Faith    .   (shield currently unavailable)
rNeg    . . .      Spirit   .   d - +1 chain mail of the Salamander {Rampage rF+}
rPois   .          Reflect  .   l - +0 helmet
rElec   .          Harm     .   j - +0 cloak
rCorr   .          Rampage  +   (no gloves)
Will    .....                   H - +1 pair of boots of a sewer {rF+ rC+ Regen+}
Stlth   ..........              (no amulet)
HPRegen 1.04/turn               t - +4 ring of protection
MPRegen 0.15/turn               M - +6 ring of strength

@: no status effects
A: no striking features
a: Renounce Religion, Recite, Vitalisation, Imprison, Donate Gold


You were on level 2 of the Lair of Beasts.
You worshipped Zin.
Zin was greatly pleased with you.
You visited 4 branches of the dungeon, and saw 13 of its levels.

You collected 1361 gold pieces.
You donated 136 gold pieces to Zin.

Inventory:

Hand Weapons
 a - a +0 vorpal battleaxe (weapon)
 b - a +0 hunting sling
 e - a +1 short sword of speed
 v - a +0 flail of protection
 y - a +0 hand axe
Missiles
 f - 78 bolts
 r - 8 poisoned darts (quivered)
 L - 89 sling bullets
Armour
 d - the +1 chain mail of the Salamander (worn) {Rampage rF+}
   (You found it on level 5 of the Dungeon)

   rF:        It protects you from fire.
   Rampage:   It bestows one free step when moving towards enemies.
 j - a +0 cloak (worn)
 l - a +0 helmet (worn)
 p - a +0 leather armour
 q - a +0 ring mail
 E - a +2 pair of boots
 H - the +1 pair of boots of a sewer (worn) {rF+ rC+ Regen+}
   (You found it on level 7 of the Dungeon)

   rF:        It protects you from fire.
   rC:        It protects you from cold.
   Regen:     It increases your rate of health regeneration.
Jewellery
 t - a +4 ring of protection (left hand)
 A - a ring of see invisible
 F - a ring of willpower
 I - a ring of protection from fire
 M - a +6 ring of strength (right hand)
 O - a +6 ring of strength
Wands
 g - a wand of digging (13)
 u - a wand of iceblast (7)
 G - a wand of acid (4)
Scrolls
 c - a scroll of summoning
 i - a scroll of blinking
 k - 3 scrolls of teleportation
 m - 2 scrolls of fog
 w - 2 scrolls of immolation
 B - 3 scrolls of magic mapping
 C - 2 scrolls of noise
 P - 2 scrolls of enchant armour
Potions
 h - a potion of heal wounds
 n - 2 potions of curing
 o - a potion of might
 s - a potion of berserk rage {unknown}
 x - a potion of mutation {unknown}
 z - a potion of degeneration {unknown}
 D - a potion of lignification {unknown}
 J - a potion of cancellation {unknown}
 K - a potion of ambrosia {unknown}


   Skills:
 * Level 8.7 Fighting
 - Level 2.2 Short Blades
 - Level 12.7(13.1) Axes
 - Level 5.4(9.9) Maces & Flails
 * Level 0.4 Armour
 - Level 2.2 Dodging
 - Level 5.1 Stealth
 - Level 8.7 Invocations


You had 10 spell levels left.
You didn't know any spells.
Your spell library contained the following spells:

 Spells                   Type           Power      Damage    Failure   Level
 Animate Skeleton         Necr           0%         N/A       98%         1
 Foxfire                  Conj/Fire      0%         2x1d4     98%         1
 Pain                     Necr           0%         1d4       98%         1
 Ensorcelled Hibernation  Hex/Ice        0%         N/A       99%         2
 Conjure Flame            Conj/Fire      0%         6-21      100%        3
 Dazzling Flash           Conj/Hex       0%         N/A       100%        3
 Ignite Poison            Fire/Tmut/Pois 0%         N/A       100%        3
 Inner Flame              Hex/Fire       0%         N/A       100%        3
 Mephitic Cloud           Conj/Pois/Air  0%         N/A       100%        3
 Spider Form              Tmut/Pois      0%         N/A       100%        3
 Vampiric Draining        Necr           0%         2d6       100%        3
 Anguish                  Hex/Necr       0%         N/A       100%        4
 Flame Wave               Conj/Fire      0%         2d4       100%        4
 Hailstorm                Conj/Ice       0%         3d3       100%        4
 Ice Form                 Ice/Tmut       0%         N/A       100%        4
 Iskenderun's Mystic Bla  Conj/Tloc      0%         2d3       100%        4
 Freezing Cloud           Conj/Ice/Air   0%         6-21      100%        5
 Simulacrum               Ice/Necr       0%         N/A       100%        6
 Starburst                Conj/Fire      0%         6d3       100%        6


Dungeon Overview and Level Annotations

Branches:
Dungeon (9/15)             Temple (1/1) D:5            Lair (2/6) D:8
    Orc (1/2) D:9
  Swamp: Lair:2-4    Shoals: Lair:2-4     Snake: Lair:2-4    Spider: Lair:2-4

Altars:
Ashenzari
Cheibriados
Dithmenos
Elyvilon
Fedhas
Gozag
Hepliaklqana
Kikubaaqudgha
Makhleb
Nemelex Xobeh
Okawaru
Qazlal
Ru
Sif Muna
Trog
Uskayaw
Vehumet
Wu Jian
Xom
Yredelemnul
Zin
The Shining One
Beogh


Message History

The water moccasin is heavily wounded.
The water moccasin bites you but does no damage.
You closely miss the water moccasin.
The water moccasin is heavily wounded.
The water moccasin bites you but does no damage. x2
You slash the water moccasin!
The water moccasin is almost dead.
The water moccasin bites you but does no damage.
You slash the water moccasin!
You kill the water moccasin!
No target in view!
There is a stone staircase leading down here.
You climb downwards.
Found 3 scrolls of fear.
There is a stone staircase leading up here.
Found a dented fluorescent amulet.
You closely miss the komodo dragon. The komodo dragon bites you!
You barely miss the komodo dragon.
The komodo dragon bites you but does no damage.
You completely miss the komodo dragon. The komodo dragon bites you!!
You slash the komodo dragon!
The komodo dragon is moderately wounded.
The komodo dragon bites you!
You closely miss the komodo dragon.
The komodo dragon is moderately wounded.
The komodo dragon bites you!!
You slice the komodo dragon!!
The komodo dragon is severely wounded.
The komodo dragon bites you!
* * * LOW HITPOINT WARNING * * *
You barely miss the komodo dragon.
The komodo dragon is severely wounded.
The komodo dragon bites you but does no damage.
You slash the komodo dragon!
The komodo dragon is almost dead.
The komodo dragon bites you but does no damage.
You completely miss the komodo dragon.
The komodo dragon is almost dead.
The komodo dragon bites you!!
You die...

..# ##.. #).
"... ... .....
### .....#
##.##
⌠.....##.⌠.##
...#..?.....#
.........<.⌠###
.#..l@......#
#...#..⌠..###
#.. #.#.......
... ..........
... #....##..##
## ..##.# ###
### ###


You could see a komodo dragon.

Vanquished Creatures
  A hydra (Lair:1)
  A two-headed ogre (D:9)
  Pikel (D:5)
  A cyclops (Orc:1)
  A cane toad (Lair:1)
  2 komodo dragons
  Psyche (D:8)
  A troll (D:9)
  A polar bear (Lair:1)
  Prince Ribbit (D:7)
  A wraith (D:6)
  10 yaks
  A wyvern (D:9)
  3 steam dragons
  A warg (Orc:1)
  An acid dragon (D:6)
  10 water moccasins
  Duvessa (D:4)
  Pargi (D:4)
  2 orc warriors
  A black bear (D:5)
  2 sky beasts
  4 ogres
  A phantom (D:4)
  3 lemures (D:4)
  A kobold brigand (D:9)
  5 bullfrogs
  A gnoll sergeant (D:7)
  2 scorpions
  A water moccasin zombie (D:5)
  2 water moccasin skeletons
  Dowan (D:4)
  2 jellies
  5 wights (D:8)
  10 killer bees (D:9)
  A vampire bat (D:5)
  2 howler monkeys (D:9)
  4 hounds
  3 bullfrog zombies
  2 gnoll shamans
  2 orc priests
  Ijyb (D:3)
  An iguana (D:4)
  9 orc wizards
  A hound skeleton (D:5)
  2 howler monkey zombies
  4 adders
  18 gnolls
  A river rat (D:6)
  A shadow imp (D:8)
  3 worms
  2 dart slugs
  43 orcs
  5 bat skeletons (D:5)
  A bat zombie (D:5)
  9 endoplasms
  4 giant cockroaches
  6 goblins
  11 hobgoblins
  2 jackals (D:1)
  17 kobolds
  6 quokkas
  8 ball pythons
  8 bats
  4 frilled lizards
  5 rats
269 creatures vanquished.

Vanquished Creatures (others)
  An orc (D:6)
  41 fungi
  37 plants
79 creatures vanquished.

Grand Total: 348 creatures vanquished

Notes
Turn   | Place    | Note
-------+----------+-------------------------------------------
     0 | D:5      | blackman the Human Delver began the quest for the Orb.
     0 | D:5      | Reached XP level 1. HP: 18/18 MP: 1/1
    22 | D:5      | Noticed a hound
    28 | D:5      | Found a staircase to the Ecumenical Temple.
    37 | Temple   | Entered the Ecumenical Temple
   348 | Temple   | Became a worshipper of Zin the Law-Giver
   484 | D:4      | Noticed a hound
   504 | D:4      | Noticed a scorpion
   657 | D:4      | Noticed Pargi
  1300 | D:3      | Noticed a gnoll shaman
  1384 | D:3      | Reached XP level 2. HP: 24/24 MP: 2/2
  1806 | D:2      | Found a glowing golden altar of the Shining One.
  2452 | D:1      | Reached skill level 1 in Short Blades
  2452 | D:1      | Reached XP level 3. HP: 27/29 MP: 3/3
  3023 | D:1      | Reached XP level 4. HP: 26/35 MP: 4/4
  4423 | D:2      | Reached skill level 3 in Axes
  5829 | D:2      | Reached XP level 5. HP: 14/41 MP: 5/5
  6563 | D:2      | Reached skill level 4 in Axes
  6641 | D:2      | Found a faded altar of an unknown god.
  6921 | D:3      | Noticed Ijyb
  6945 | D:3      | Killed Ijyb
  7744 | D:3      | Reached XP level 6. HP: 29/47 MP: 6/6
  8427 | D:3      | Reached skill level 5 in Axes
  9158 | D:2      | Reached skill level 1 in Maces & Flails
 10267 | D:4      | Noticed Duvessa
 10287 | D:4      | Found a radiant altar of Vehumet.
 10288 | D:4      | Found a hide-covered altar of Uskayaw.
 10288 | D:4      | Found a bloodstained altar of Trog.
 10288 | D:4      | Found a sacrificial altar of Ru.
 10292 | D:4      | Reached XP level 7. HP: 52/52 MP: 7/7
 10724 | D:4      | Killed Pargi
 10915 | D:4      | Reached skill level 5 in Maces & Flails
 11093 | D:4      | Identified a scroll of acquirement
 11095 | D:4      | Acquired 807 gold pieces
 11096 | D:4      | Reached * piety under Zin
 11096 | D:4      | Reached ** piety under Zin
 11148 | D:5      | Noticed Pikel
 11148 | D:5      | Identified the +1 chain mail of the Salamander {Rampage
                  | rF+}
 11615 | D:5      | Killed Pikel
 11616 | D:5      | Reached skill level 7 in Axes
 11616 | D:5      | Reached XP level 8. HP: 26/58 MP: 8/8
 12952 | D:5      | Reached skill level 8 in Axes
 13314 | D:5      | Noticed a yak
 13314 | D:5      | Noticed a yak
 13328 | D:5      | Noticed a yak
 13329 | D:5      | Noticed a yak
 13385 | D:4      | Killed a yak
 13386 | D:4      | Reached XP level 9. HP: 50/63 MP: 9/9
 13794 | D:4      | Noticed Dowan
 13801 | D:4      | Killed Duvessa
 13806 | D:4      | Killed Dowan
 13807 | D:4      | Reached skill level 9 in Axes
 14455 | D:5      | Found an ancient bone altar of Kikubaaqudgha.
 14682 | D:4      | Reached skill level 10 in Axes
 16482 | D:6      | Reached skill level 11 in Axes
 16572 | D:6      | Reached skill level 1 in Invocations
 16904 | D:6      | Reached *** piety under Zin
 16941 | D:6      | Reached XP level 10. HP: 71/71 MP: 9/11
 18845 | D:7      | Reached skill level 5 in Fighting
 19312 | D:7      | Identified the +1 pair of boots of a sewer {rF+ rC+ Regen+}
 19718 | D:7      | Noticed Prince Ribbit
 19722 | D:7      | Killed Prince Ribbit
 19723 | D:7      | Reached skill level 5 in Invocations
 19994 | D:8      | Noticed Psyche
 19999 | D:8      | Killed Psyche
 20187 | D:8      | Noticed a komodo dragon
 20227 | D:8      | Killed a komodo dragon
 20232 | D:8      | Reached XP level 11. HP: 32/84 MP: 14/16
 20415 | D:8      | Found a staircase to the Lair.
 20481 | D:8      | Found a shadowy altar of Dithmenos.
 20851 | D:8      | Reached **** piety under Zin
 21718 | D:9      | Found a staircase to the Orcish Mines.
 21807 | D:9      | Found a white marble altar of Elyvilon.
 21815 | D:9      | Noticed a two-headed ogre
 21821 | D:9      | Killed a two-headed ogre
 22011 | D:9      | Found a sparkling altar of Nemelex Xobeh.
 22175 | D:9      | Found a stormy altar of Qazlal.
 22175 | D:9      | Found a faded altar of an unknown god.
 22183 | D:9      | Found a faded altar of an unknown god.
 22187 | D:9      | Found a snail-covered altar of Cheibriados.
 22189 | D:9      | Found a basalt altar of Yredelemnul.
 22551 | Orc:1    | Entered Level 1 of the Orcish Mines
 22564 | Orc:1    | Noticed a cyclops
 23167 | Orc:1    | Killed a cyclops
 23253 | Orc:1    | Noticed an orc sorcerer
 23257 | Orc:1    | Noticed an orc knight
 23879 | Lair:1   | Entered Level 1 of the Lair of Beasts
 24364 | Lair:1   | Found a hide-covered altar of Uskayaw.
 24430 | Lair:1   | Reached skill level 12 in Axes
 24453 | Lair:1   | HP: 2/87 [yak (13)]
 24873 | Lair:1   | Noticed a four-headed hydra
 24904 | Lair:1   | Killed a six-headed hydra
 25286 | Lair:2   | Slain by a komodo dragon

Illustrated notes

Levels and vault maps discovered:
D:1:      dpeg_arrival_castle, layout_loops_ring, minmay_unequal
D:2:      layout_basic, basic_altar, hellmonk_ecumenical_altar_defaced_shrine
D:3:      layout_loops_corners, amcnicky_mini_pool_small, uniq_ijyb
D:4:      layout_basic, chequers_temple_overflow_statue_of_worship, uniq_pargi,
          uniq_duvessa
D:5:      layout_basic, kennysheep_vampire_church,
          minmay_temple_entry_antechambers, uniq_pikel
D:6:      layout_basic, portal_sewer_entry_c
D:7:      layout_cave_pools, uniq_prince_ribbit1
D:8:      layout_basic, kennysheep_mini, due_lair_maze_entry_diamond,
          serial_glass, glass_columns_a, glass_columns_c, uniq_psyche
D:9:      layout_basic, lemuel_tele_altar, mainiacjoe_overflow_alcove_2,
          chequers_temple_overflow_minitemple, orc_david_3
Temple:   minmay_temple_curvy_loop
Lair:1:   layout_regular_city, basic_altar
Lair:2:   layout_cave_pods, elwin_shoals_entry_rooms, beast_lair_carwin_3,
          grunt_megastairs_2, uniq_sonja
Orc:1:    layout_diamond_mine

Skill      XL: |  1  2  3  4  5  6  7  8  9 10 11 |
---------------+----------------------------------+-----
Short Blades   | 1 2 |  2.2
Axes           | 3 4 5 7 8 11 12 | 12.7
Maces & Flails | 3 5 |  5.4
Invocations    | 1 7 8 |  8.7
Fighting       | 7 8 |  8.7
Armour         | |  0.4
Dodging        | |  2.2
Stealth        | |  5.1

Action                   |  1- 3 |  4- 6 |  7- 9 | 10-12 || total
-------------------------+-------+-------+-------+-------++-------
Melee: Hand axe          |    36 |       |       |       ||    36
       Short sword       |    75 |   271 |       |       ||   346
       Punch             |       |     5 |     1 |       ||     6
       Flail             |       |    43 |    51 |       ||    94
       Battleaxe         |       |       |   195 |   366 ||   561
 Fire: Hunting sling     |       |       |       |     9 ||     9
Throw: Dart              |       |       |     8 |    10 ||    18
Invok: Recite            |       |       |       |    13 ||    13
       Vitalisation      |       |       |       |     6 ||     6
Evoke: Wand              |       |       |       |     9 ||     9
  Use: Scroll            |     7 |     2 |     6 |     5 ||    20
       Potion            |     1 |       |     1 |     3 ||     5
 Stab: Sleeping          |     8 |     7 |     2 |       ||    17
       Distracted        |     1 |       |       |       ||     1
       Invisible         |       |       |       |     1 ||     1
Armor: Leather armour    |    27 |    30 |       |       ||    57
       Ring mail         |       |    59 |    73 |       ||   132
       Chain mail        |       |       |   133 |   231 ||   364
Dodge: Dodged            |    53 |   147 |   129 |   141 ||   470

Table legend: (Time is in decaauts)
 A = Elapsed time spent in this place.
 B = Non-inter-level travel time spent in this place.
 C = Inter-level travel time spent in this place.
 D = Time resting spent in this place.
 E = Time spent auto-exploring this place.
 F = Levels seen in this place.
 G = Mean time per level.
                   A        B        C        D        E       F      G
               +--------+--------+--------+--------+--------+-----+--------+
         Total |  25281 |  23906 |   1375 |  14176 |   6702 |  13 | 1944.7 |
       Dungeon |  23367 |  22233 |   1134 |  13632 |   5822 |   9 | 2596.3 |
        Temple |    394 |    200 |    194 |      0 |    195 |   1 |  394.0 |
          Lair |   1410 |   1363 |     47 |    544 |    630 |   2 |  705.0 |
  Orcish Mines |    108 |    108 |      0 |      0 |     54 |   1 |  108.0 |
               +--------+--------+--------+--------+--------+-----+--------+

Top non-repeatable levels by time:
     D:2: 5096 daAuts
     D:4: 3792 daAuts
     D:5: 2882 daAuts
     D:6: 2792 daAuts
     D:3: 2662 daAuts
     D:9: 2252 daAuts
     D:1: 1581 daAuts
  Lair:1: 1392 daAuts
     D:8: 1339 daAuts
     D:7: 969 daAuts
  Temple: 394 daAuts
   Orc:1: 108 daAuts
  Lair:2: 18 daAuts
